 Dungeon Crawl Stone Soup version 0.27-a0-1219-g958d993ae5 (webtiles) character file.

Game seed: 167023915837208933

324 hatdisgam the Insei (level 6, -3/45 (47) HPs)
             Began as a Gnoll Transmuter on June 7, 2021.
             Slain by Dowan
             ... wielding a +5 dagger of draining
              (8 damage)
             ... on level 4 of the Dungeon.
             The game lasted 00:03:51 (3124 turns).

hatdisgam the Insei (Gnoll Transmuter)              Turns: 3124, Time: 00:03:52

HP:   -3/45 (47)    AC:  2    Str:  9    XL:     6   Next: 48%
MP:   10/14         EV: 22    Int: 15    God:
Gold: 167           SH:  0    Dex: 17    Spells: 7/15 levels left

rFire    . . .     SeeInvis .     - Unarmed
rCold    . . .     Faith    .   (shield currently unavailable)
rNeg     . . .     Spirit   .   (armour currently unavailable)
rPois    x         Reflect  .   (helmet currently unavailable)
rElec    .         Harm     .   (cloak currently unavailable)
rCorr    .         Rampage  .   (gloves currently unavailable)
Will     .....                  (boots currently unavailable)
Stlth    ++........             c - amulet of the acrobat
HPRegen  0.15/turn              (no ring)
MPRegen  0.14/turn              (no ring)

@: spider-form, lightly drained
A: venomous fangs, tiny, (fangs 1), strong nose, distributed training
a: End Transformation


You were on level 4 of the Dungeon.
You were a venomous arachnid creature.
You visited 1 branch of the dungeon, and saw 4 of its levels.

You collected 167 gold pieces.

Inventory:

Missiles
 f - 14 arrows
 g - 117 stones
 n - 2 boomerangs
Armour
 a - a +0 robe (melded)
 j - a +0 cloak (melded)
Jewellery
 c - an amulet of the acrobat (around neck)
 l - a +6 ring of dexterity
 q - a ring of flight
Scrolls
 b - a scroll of summoning {unknown}
 e - a scroll of vulnerability {unknown}
 i - a scroll of enchant armour {unknown}
 k - 3 scrolls of magic mapping {unknown}
 p - a scroll of fog {unknown}
 s - a scroll of identify {unknown}
 t - a scroll of acquirement {unknown}
 u - a scroll of teleportation {unknown}
Potions
 d - a potion of heal wounds {unknown}
 h - a potion of might {unknown}
 m - 2 potions of flight {unknown}
 o - a potion of berserk rage {unknown}
 r - a potion of mutation {unknown}


   Skills:
 + Level 3.2 Fighting
 + Level 2.0 Short Blades
 + Level 2.0 Long Blades
 + Level 2.0 Axes
 + Level 2.0 Maces & Flails
 + Level 2.0 Polearms
 + Level 2.0 Staves
 + Level 2.0 Slings
 + Level 2.0 Bows
 + Level 2.0 Crossbows
 + Level 2.0 Throwing
 + Level 2.0 Armour
 + Level 5.0 Dodging
 + Level 2.0 Stealth
 + Level 2.0 Shields
 + Level 6.8 Unarmed Combat
 + Level 5.4 Spellcasting
 + Level 1.5 Conjurations
 + Level 1.5 Hexes
 + Level 1.5 Summonings
 + Level 1.5 Necromancy
 + Level 1.5 Translocations
 + Level 4.1 Transmutations
 + Level 1.5 Fire Magic
 + Level 1.5 Ice Magic
 + Level 1.5 Air Magic
 + Level 1.5 Earth Magic
 + Level 1.5 Poison Magic
 + Level 2.2 Invocations
 + Level 2.0 Evocations


You had 7 spell levels left.
You knew the following spells:

 Your Spells              Type           Power      Damage    Failure   Level
a - Beastly Appendage     Tmut           32%        N/A       11%         1
b - Spider Form           Tmut/Pois      6%         N/A       32%         3
c - Ice Form              Ice/Tmut       12%        N/A       65%         4

Your spell library contained the following spells:

 Spells                   Type           Power      Damage    Failure   Level
 Wereblood                Tmut           16%        N/A       13%         2
 Animate Skeleton         Necr           16%        N/A       22%         1
 Apportation              Tloc           16%        N/A       22%         1
 Corona                   Hex            8%         N/A       22%         1
 Summon Small Mammal      Summ           32%        N/A       22%         1
 Hydra Form               Tmut           8%         N/A       82%         5


Dungeon Overview and Level Annotations

Branches:
Dungeon (4/15)
 Temple: D:4-7

Altars:

Annotations:
D:4 Dowan


Innate Abilities, Weirdness & Mutations

You are a venomous arachnid creature.
You have poisonous fangs.
You are tiny and dextrous.
Your spellcasting is less reliable in this form.
Your armour is entirely melded.
You are incapable of wielding weapons or throwing items.
((You have very sharp teeth.))
Your uncanny sense of smell can sniff out nearby items.
Your experience applies equally to all skills.


Message History

Your Stealth skill increases to level 2!
Your Shields skill increases to level 2!
Your Invocations skill increases to level 2!
Your Evocations skill increases to level 2!
You have reached level 6!
Your experience leads to an increase in your attributes!
Your base attributes are Str 9, Int 14, Dex 12.
Increase (S)trength, (I)ntelligence, or (D)exterity?
You feel clever.
Your transformation is almost over.
Dowan seems to find hidden reserves of power!
Your transformation has ended.
Your +0 cloak unmelds from your body.
Your +0 robe unmelds from your body.
Casting: Spider Form (dangerous; 14% risk of failure)
Confirm with . or Enter, or press ? or * to list all spells.
You turn into a venomous arachnid creature.
Your +0 cloak melds into your body.
Your +0 robe melds into your body.
You are too injured to fight recklessly!
You are too injured to fight recklessly!
You are too injured to fight recklessly!
Dowan misses you. Dowan completely misses you.
You hit Dowan.
Dowan is poisoned.
Dowan is lightly wounded.
Dowan closely misses you.
You bite Dowan!
Dowan is heavily wounded.
Dowan hits you with a +5 dagger of draining.
You feel drained.
You closely miss Dowan.
Dowan is heavily wounded.
Dowan casts a spell at you. The shard of ice misses you.
Dowan hits you with a +5 dagger of draining!
* * * LOW HITPOINT WARNING * * *
You feel drained.
* * * LOW HITPOINT WARNING * * *
You hit Dowan.
Dowan is almost dead.
Dowan hits you with a +5 dagger of draining!
You die...

#)####### # #..)....#
###.#.###.#####.#
####### e.e.e..e..# #.#
#.....# .##.....#.# #.#
#.###.# #....##.# #.#
#...... #.#.# #.# #.#
#.###.# #... ..# ##e##
#.##... ..#. ###
##.#s### #.##..# ####
#.###..# #.##..#
##.#.#.# #.#..># ##.##.#
#...... #####.##.#
###.###
#.....)#.#########...##
♣.♣...#................
♣♣.♣♣.###.#########...##
♣P.♣♣#.#.## ##.##


You could see Dowan (fast, very poisoned).

Vanquished Creatures
  Duvessa (D:4)
  A phantom (D:4)
  An orc priest (D:3)
  Crazy Yiuf (D:3)
  An adder (D:2)
  An adder skeleton (D:4)
  3 worms
  2 dart slugs
  5 orcs (D:3)
  An endoplasm (D:2)
  3 giant cockroaches
  6 goblins
  6 hobgoblins
  3 jackals (D:1)
  5 quokkas
  7 ball pythons
  5 bats
  3 frilled lizards
  4 kobolds
  5 rats
64 creatures vanquished.

Notes
Turn   | Place    | Note
-------+----------+-------------------------------------------
     0 | D:1      | hatdisgam the Gnoll Transmuter began the quest for the Orb.
     0 | D:1      | Reached XP level 1. HP: 17/17 MP: 6/6
   254 | D:1      | Reached XP level 2. HP: 23/23 MP: 7/7
   556 | D:1      | Reached XP level 3. HP: 28/28 MP: 9/9
   568 | D:1      | Reached skill level 5 in Spellcasting
   769 | D:1      | Learned a level 3 spell: Spider Form
   926 | D:2      | Reached skill level 1 in Invocations
   965 | D:2      | Reached skill level 1 in Short Blades
   965 | D:2      | Reached skill level 1 in Long Blades
   965 | D:2      | Reached skill level 1 in Axes
   965 | D:2      | Reached skill level 1 in Maces & Flails
   965 | D:2      | Reached skill level 1 in Polearms
   965 | D:2      | Reached skill level 1 in Staves
   965 | D:2      | Reached skill level 1 in Slings
   965 | D:2      | Reached skill level 1 in Bows
   965 | D:2      | Reached skill level 1 in Crossbows
   965 | D:2      | Reached skill level 1 in Throwing
   965 | D:2      | Reached skill level 1 in Armour
   965 | D:2      | Reached skill level 1 in Stealth
   965 | D:2      | Reached skill level 1 in Shields
   965 | D:2      | Reached skill level 1 in Evocations
  1008 | D:2      | Reached XP level 4. HP: 34/34 MP: 11/11
  1262 | D:3      | Reached skill level 1 in Conjurations
  1262 | D:3      | Reached skill level 1 in Hexes
  1262 | D:3      | Reached skill level 1 in Summonings
  1262 | D:3      | Reached skill level 1 in Necromancy
  1262 | D:3      | Reached skill level 1 in Translocations
  1262 | D:3      | Reached skill level 1 in Fire Magic
  1262 | D:3      | Reached skill level 1 in Ice Magic
  1262 | D:3      | Reached skill level 1 in Air Magic
  1262 | D:3      | Reached skill level 1 in Earth Magic
  1262 | D:3      | Reached skill level 1 in Poison Magic
  1557 | D:3      | Learned a level 4 spell: Ice Form
  1591 | D:3      | Found a faded altar of an unknown god.
  2029 | D:3      | Reached XP level 5. HP: 40/40 MP: 12/12
  2038 | D:3      | Found a runed translucent door.
  2039 | D:3      | Noticed Crazy Yiuf
  2314 | D:3      | Killed Crazy Yiuf
  2555 | D:4      | Noticed a phantom
  2580 | D:4      | Killed a phantom
  3088 | D:4      | Noticed Dowan
  3089 | D:4      | Noticed Duvessa
  3107 | D:4      | Killed Duvessa
  3108 | D:4      | Reached skill level 5 in Dodging
  3108 | D:4      | Reached XP level 6. HP: 21/47 MP: 11/14
  3124 | D:4      | Slain by Dowan

Illustrated notes

Levels and vault maps discovered:
D:1:      minmay_arrival_radiant_lines, layout_rooms
D:2:      layout_rooms
D:3:      layout_rooms, serial_forest, infiniplex_forest_clump_double,
          infiniplex_forest_clump_small, infiniplex_forest_straight_2,
          infiniplex_forest_clump_small, infiniplex_forest_clump_small,
          infiniplex_forest_straight_2, infiniplex_forest_straight_1,
          infiniplex_forest_end_2, infiniplex_forest_lined_room_,
          hellmonk_ecumenical_altar_lost_god, uniq_crazy_yiuf_cottage
D:4:      layout_loops_corners, serial_forest, infiniplex_forest_straight_4,
          infiniplex_forest_end_double, infiniplex_forest_clump_large,
          infiniplex_forest_lined_ring, infiniplex_forest_split,
          infiniplex_forest_3_way, infiniplex_forest_end_3,
          infiniplex_forest_end_1, uniq_menkaure, uniq_duvessa, uniq_eustachio,
          uniq_robin

Skill      XL: |  1  2  3  4  5 |
---------------+----------------+-----
Spellcasting   | 5 |  5.4
Invocations    | 1 2 |  2.2
Short Blades   | 1 2 |  2.0
Long Blades    | 1 2 |  2.0
Axes           | 1 2 |  2.0
Maces & Flails | 1 2 |  2.0
Polearms       | 1 2 |  2.0
Staves         | 1 2 |  2.0
Slings         | 1 2 |  2.0
Bows           | 1 2 |  2.0
Crossbows      | 1 2 |  2.0
Throwing       | 1 2 |  2.0
Armour         | 1 2 |  2.0
Stealth        | 1 2 |  2.0
Shields        | 1 2 |  2.0
Evocations     | 1 2 |  2.0
Conjurations   | 1 |  1.5
Hexes          | 1 |  1.5
Summonings     | 1 |  1.5
Necromancy     | 1 |  1.5
Translocations | 1 |  1.5
Fire Magic     | 1 |  1.5
Ice Magic      | 1 |  1.5
Air Magic      | 1 |  1.5
Earth Magic    | 1 |  1.5
Poison Magic   | 1 |  1.5
Fighting       | 3 |  3.2
Transmutations | 4 |  4.1
Dodging        | 5 |  5.0
Unarmed Combat | |  6.8

Action                   |  1- 3 |  4- 6 || total
-------------------------+-------+-------++-------
Melee: Unarmed           |    94 |   114 ||   208
       Kick              |     5 |       ||     5
       Bite              |     3 |     3 ||     6
       Punch             |     2 |     2 ||     4
 Cast: Beastly Appendage |     2 |       ||     2
       Spider Form       |     1 |     6 ||     7
 Stab: Sleeping          |     1 |     1 ||     2
Armor: Robe              |    13 |     8 ||    21
       Skin              |     1 |       ||     1
Dodge: Dodged            |    78 |    71 ||   149

Table legend: (Time is in decaauts)
 A = Elapsed time spent in this place.
 B = Non-inter-level travel time spent in this place.
 C = Inter-level travel time spent in this place.
 D = Time resting spent in this place.
 E = Time spent auto-exploring this place.
 F = Levels seen in this place.
 G = Mean time per level.
                   A        B        C        D        E       F      G
               +--------+--------+--------+--------+--------+-----+--------+
         Total |   3097 |   3011 |     86 |      0 |   2568 |   4 |  774.2 |
       Dungeon |   3097 |   3011 |     86 |      0 |   2568 |   4 |  774.2 |
               +--------+--------+--------+--------+--------+-----+--------+

Top non-repeatable levels by time:
     D:3: 1295 daAuts
     D:1: 794 daAuts
     D:4: 562 daAuts
     D:2: 445 daAuts
